 Dungeon Crawl Stone Soup version 0.29-a0-1047-g7c58e119a4 (webtiles) character file.

Game seed: 17770173039312654388

218692 nickcage the Phalangite (level 19, -12/166 HPs)
             Began as a Merfolk Gladiator on Aug 16, 2022.
             Was the Champion of Qazlal.
             Mangled by a naga warrior
             ... wielding a +0 glaive
              (28 damage)
             ... on level 4 of the Snake Pit.
             The game lasted 01:35:30 (26644 turns).

nickcage the Phalangite (Merfolk Gladiator)        Turns: 26644, Time: 01:35:30

Health: -12/166    AC: 27    Str: 32    XL:     19   Next: 12%
Magic:  27/27      EV: 15    Int: 11    God:    Qazlal [******]
Gold:   1927       SH:  8    Dex: 15    Spells: 18/18 levels left

rFire   + . .      SeeInvis .   r - +7 glaive (freeze)
rCold   . . .      Faith    .   (shield currently unavailable)
rNeg    . . .      Spirit   .   u - +0 plate armour
rPois   +          Reflect  .   x - +0 helmet "Wuutrios" {rPois}
rElec   .          Harm     .   S - +2 cloak
rCorr   +          Rampage  .   n - +0 pair of gloves
Will    +....                   V - +2 pair of boots {Fly}
Stlth   ..........              b - amulet of Vitality {RegenMP++ Regen++}
HPRegen 1.97/turn               v - +6 ring of strength
MPRegen 1.00/turn               t - ring "Roempyd" {rF+ rCorr Str+4 Int+3}

@: weakened, protected from physical damage, flying, slowed, repel missiles,
very slow
A: (nimble swimmer 2), mertail
}: 1/15 runes: decaying
a: Renounce Religion, Upheaval, Elemental Force, Disaster Area


You were on level 4 of the Snake Pit.
You worshipped Qazlal.
Qazlal was exalted by your worship.
You visited 6 branches of the dungeon, and saw 30 of its levels.
You also visited: Gauntlet.

You collected 2118 gold pieces.
You spent 191 gold pieces at shops.

Inventory:

Hand Weapons
 c - a +3 spear of freezing
 k - a +0 glaive
 q - a +0 bardiche
 r - a +7 glaive of freezing (weapon)
Missiles
 d - 5 throwing nets
 K - 13 curare-tipped darts
 X - 5 silver javelins (quivered)
Armour
 n - a +0 pair of gloves (worn)
 u - a +0 plate armour (worn)
 x - the +0 helmet "Wuutrios" (worn) {rPois}
   (You acquired it on level 7 of the Dungeon)

   rPois:     It protects you from poison.
 S - a +2 cloak (worn)
 V - a +2 pair of boots of flying (worn)
Jewellery
 b - the amulet of Vitality (around neck) {RegenMP++ Regen++}
   (You found it on level 14 of the Dungeon)

   [amulet of magic regeneration]

   It increases your rate of magic regeneration.
   Regen:     It increases your rate of health regeneration.
 j - a +4 ring of slaying
 p - a +6 ring of intelligence
 t - the ring "Roempyd" (right hand) {rF+ rCorr Str+4 Int+3}
   (You found it on level 1 of the Snake Pit)

   [ring of resist corrosion]

   Str:       It affects your strength (+4).
   Int:       It affects your intelligence (+3).
   rF:        It protects you from fire.
   rCorr:     It protects you from acid and corrosion.
 v - a +6 ring of strength (left hand)
 F - a ring of see invisible
 U - a ring of protection from cold
Wands
 a - a wand of charming (9)
 o - a wand of flame (33)
 z - a wand of digging (24)
 A - a wand of quicksilver (11)
 C - a wand of mindburst (21)
 G - a wand of polymorph (4)
 M - a wand of iceblast (53)
Scrolls
 f - 11 scrolls of teleportation
 y - 4 scrolls of blinking
 D - 6 scrolls of fear
 E - 8 scrolls of magic mapping
 I - 5 scrolls of poison
 J - 3 scrolls of summoning
 Q - a scroll of silence
 R - 3 scrolls of butterflies
 Y - a scroll of amnesia
Potions
 e - 6 potions of ambrosia
 g - 2 potions of berserk rage
 h - a potion of brilliance
 i - 12 potions of curing
 l - 3 potions of magic
 m - 5 potions of might
 w - 9 potions of heal wounds
 B - a potion of cancellation
 H - 2 potions of haste
 N - 5 potions of mutation
 O - 3 potions of invisibility
 P - 5 potions of resistance
Miscellaneous
 s - a piece from Xom's chessboard (15/15)


   Skills:
 + Level 19.0 Fighting
 + Level 24.8 Polearms
 - Level 2.0 Throwing
 - Level 10.6 Armour
 * Level 16.3 Dodging
 - Level 0.4 Shields
 * Level 11.8 Invocations
 - Level 1.0 Evocations


You had 18 spell levels left.
You didn't know any spells.
Your spell library contained the following spells:

 Spells                   Type           Power      Damage    Failure   Level
 Beastly Appendage        Tmut           0%         N/A       91%         1
 Foxfire                  Conj/Fire      0%         2x1d4     91%         1
 Magic Dart               Conj           0%         1d3       91%         1
 Slow                     Hex            0%         N/A       91%         1
 Sting                    Tmut/Pois      0%         1d3       91%         1
 Summon Small Mammal      Summ           0%         N/A       91%         1
 Blink                    Tloc           0%         N/A       97%         2
 Poisonous Vapours        Pois/Air       0%         N/A       97%         2
 Scorch                   Fire           0%         2d5       97%         2
 Wereblood                Tmut           0%         N/A       97%         2
 Call Canine Familiar     Summ           0%         N/A       100%        3
 Conjure Flame            Conj/Fire      0%         6-21      100%        3
 Dazzling Flash           Conj/Hex       0%         N/A       100%        3
 Gell's Gravitas          Tloc           0%         N/A       100%        3
 Ignite Poison            Fire/Tmut/Pois 0%         N/A       100%        3
 Inner Flame              Hex/Fire       0%         N/A       100%        3
 Lesser Beckoning         Tloc           0%         N/A       100%        3
 Spider Form              Tmut/Pois      0%         N/A       100%        3
 Stone Arrow              Conj/Erth      0%         3d7       100%        3
 Summon Guardian Golem    Hex/Summ       0%         N/A       100%        3
 Teleport Other           Tloc           0%         N/A       100%        3
 Tukima's Dance           Hex            0%         N/A       100%        3
 Animate Armour           Summ/Erth      0%         N/A       100%        4
 Dispel Undead            Necr           0%         3d6       100%        4
 Flame Wave               Conj/Fire      0%         2d4       100%        4
 Fulminant Prism          Conj/Hex       0%         3d6       100%        4
 Iskenderun's Mystic Bla  Conj/Tloc      0%         2d3       100%        4
 Olgreb's Toxic Radiance  Pois           0%         N/A       100%        4
 Passage of Golubria      Tloc           0%         N/A       100%        4
 Sticky Flame             Conj/Fire      0%         2d3       100%        4
 Alistair's Intoxication  Tmut/Pois      0%         N/A       100%        5
 Borgnjor's Vile Clutch   Necr/Erth      0%         N/A       100%        5
 Iskenderun's Battlesphe  Conj           0%         2d6       100%        5
 Lee's Rapid Deconstruct  Erth           0%         3d5*      100%        5
 Manifold Assault         Tloc           0%         N/A       100%        5
 Summon Forest            Summ/Tloc      0%         N/A       100%        5
 Yara's Violent Unravell  Hex/Tmut       0%         3d3       100%        5
 Dispersal                Tloc           0%         N/A       100%        6
 Eringya's Noxious Bog    Tmut/Pois      0%         N/A       100%        6
 Iron Shot                Conj/Erth      0%         9d1       100%        6
 Starburst                Conj/Fire      0%         6d3       100%        6
 Summon Cactus Giant      Summ           0%         N/A       100%        6
 Malign Gateway           Summ/Tloc      0%         N/A       100%        7
 Spellforged Servitor     Conj/Summ      0%         N/A       100%        7
 Storm Form               Tmut/Air       0%         N/A       100%        7
 Summon Hydra             Summ           0%         N/A       100%        7
 Lehudib's Crystal Spear  Conj/Erth      0%         10d2      100%        8


Dungeon Overview and Level Annotations

Branches:
Dungeon (15/15)            Temple (1/1) D:6            Lair (5/5) D:10
  Swamp (4/4) Lair:2        Snake (4/4) Lair:3        Slime (0/5) Lair:4
    Orc (0/2) D:11         Vaults (1/5) D:14         Depths (0/4) D:15
Gauntlet (visited)

Altars:
Ashenzari
Cheibriados
Dithmenos
Elyvilon
Fedhas
Gozag
Hepliaklqana
Kikubaaqudgha
Makhleb
Nemelex Xobeh
Okawaru
Qazlal
Ru
Sif Muna
Trog
Uskayaw
Vehumet
Wu Jian
Xom
Yredelemnul
Zin
The Shining One

Shops:
D:3 *   D:7 :   D:10 (   Snake:4 [

Annotations:
D:3 1 runed translucent door, SkeletonJelly's ghost, amateur TeFi
D:7 2 transporters, Tollund's ghost, novice GnWr
Lair:1 2 transporters
Swamp:2 2 transporters, nickcage's ghost, adept MfGl


Innate Abilities, Weirdness & Mutations

((You are very nimble when in or above water. (Stealth+, EV+, Speed+++)))
Your lower body shifts to a powerful aquatic tail in water.


Message History

Items here: )) [ ††.
The naga sharpshooter attacks as you move away!
The naga sharpshooter unwields a +0 shortbow.
The naga sharpshooter wields a +0 trident.
The naga sharpshooter hits you with a +0 trident.
You feel more protected from physical attacks.
A salamander tyrant, a naga warrior, 2 naga magi and a naga come into view.
The naga warrior is wielding a +1 vorpal long sword.
The naga mage shouts!
The naga warrior shouts!
The naga mage shouts!
The naga warrior no longer looks unusually toxic.
The naga sharpshooter is struck by lightning.
The naga sharpshooter closely misses you.
The naga mage gestures wildly while chanting.
The naga mage seems to speed up.
The naga warrior barely misses you. The naga warrior grabs you.
The naga warrior constricts you.
The naga sharpshooter is struck by lightning.
The naga sharpshooter unwields a +0 trident.
The naga sharpshooter wields a +0 shortbow.
The naga sharpshooter mumbles some strange words.
The naga sharpshooter magically shoots an arrow.
You block the arrow. The naga warrior loses its grip on you.
The naga warrior roars a battlecry!
The naga mage moves out of view.
A naga warrior comes into view.
It is wielding a +0 short sword and wearing a +1 tower shield of protection.
A naga comes into view. It is wielding a +0 battleaxe.
The naga shouts!
You hear a shout! x2
The naga sharpshooter mumbles some strange words.
The naga sharpshooter magically shoots an arrow.
The arrow barely misses you.
The salamander mystic casts a spell at the salamander tyrant.
The salamander tyrant seems to speed up.
The naga warrior hits you with a +0 glaive!!!
* * * LOW HITPOINT WARNING * * *
You block the naga warrior's attack.
The naga sharpshooter is struck by lightning.
The naga sharpshooter gestures wildly while chanting.
The naga sharpshooter magically shoots an arrow.
The arrow barely misses you.
The naga warrior hits you with a +0 glaive!!
You die... .....#.....# # #....NN..... .# #...NNN... .. ..NNNNN ^. #NSN#

.# ###### #N####.#
#..... ####.)..N.#
#..... .
###..N.###### #.....
..#....@## ##....
#.....§°## ##.##
##.....☼.# #.#
...##....# #.# ..
##...### #.# .
##....#### #.#
#.......## #.#
.#...##)).## #.##
#.....##)...#####.).


You could see 3 naga warriors, a naga sharpshooter (fast, strong), a salamander
tyrant (fast, strong), a salamander mystic (strong), an anaconda, 2 naga magi
and 3 nagas.

Vanquished Creatures
  the Lernaean hydra (Swamp:4)
  Vashnia (Snake:2)
  Jorgrun (D:15)
  A tentacled monstrosity (Swamp:4)
  Kirke (D:13)
  2 nagarajas
  The ghost of jlumianski the Cleaver, a journeyman DsGl of Hepliaklqana (Snake:1)
  6 eleionomae
  Nessos (D:15)
  2 very ugly things (D:15)
  A minotaur (Gauntlet)
  2 bunyips (Swamp:4)
  Snorg (Lair:4)
  5 boulder beetles
  Fannar (D:11)
  A great orb of eyes (D:15)
  5 salamander tyrants
  3 ghost crabs
  2 rakshasas (D:15)
  A vault guard (D:14)
  4 centaur warriors
  17 hydras
  Erica (D:11)
  11 catoblepae
  7 anacondas
  A deep troll shaman (D:14)
  9 naga warriors
  A catoblepas (shapeshifter) (D:15)
  10 alligators
  4 two-headed ogres
  2 tengu warriors
  7 shock serpents
  14 naga sharpshooters
  8 death yaks
  Sonja (D:10)
  5 skeletal warriors (D:15)
  5 salamander mystics
  Amaemon (Lair:1)
  5 goliath frogs
  12 swamp dragons
  A spriggan druid (Swamp:3)
  2 deep trolls (D:14)
  6 bog bodies
  3 naga ritualists
  Pikel (D:6)
  2 wizards (D:14)
  A harpy (shapeshifter) (D:15)
  2 necromancers (D:14)
  An orc knight (D:15)
  4 mana vipers
  6 ugly things
  2 deep elf pyromancers
  An oklob plant (Gauntlet)
  6 cyclopes
  22 salamanders
  3 will-o-the-wisps
  4 manticores
  7 elephants
  Joseph (D:7)
  9 centaur zombies (D:12)
  A guardian serpent (Snake:4)
  Maurice (D:11)
  5 gargoyles
  30 black mambas
  10 naga magi
  11 cane toads
  An orange demon (Lair:1)
  2 yaktaurs (D:14)
  3 rime drakes
  2 unseen horrors
  8 komodo dragons
  4 tengu conjurers
  6 trolls
  3 meliai (D:15)
  2 bloated husks
  8 slime creatures
  6 hornets
  12 tyrant leeches
  Prince Ribbit (D:6)
  7 blink frogs
  8 wyverns
  5 spriggans
  54 yaks
  4 vampires
  4 hogs (D:13)
  4 wraiths
  5 basilisks
  17 humans (D:14)
  16 vampire mosquitoes
  Edmund (D:5)
  31 nagas
  5 acid dragons
  14 swamp worms
  4 water moccasins
  8 swamp drakes
  11 orc warriors
  3 sky beasts
  A black bear (D:6)
  2 ice beasts (D:7)
  8 ogres
  13 centaurs
  13 wolves
  4 lemures
  A phantom (D:7)
  7 kobold brigands
  4 necrophages
  2 gnoll sergeants
  9 bullfrogs
  A scorpion (D:7)
  9 wights
  A killer bee (D:11)
  3 electric eels
  3 howler monkeys
  3 hounds
  13 jellies
  11 orc priests
  3 gnoll boudas
  2 iguanas (D:7)
  A boggart zombie (D:12)
  18 orc wizards
  16 gnolls
  10 adders
  2 shadow imps
  2 white imps
  2 ufetubi (D:5)
  2 worms
  2 dart slugs
  46 orcs
  8 endoplasms
  6 giant cockroaches
  7 goblins
  6 hobgoblins
  9 jackals
  5 quokkas
  5 ball pythons
  3 bats
  A frilled lizard (D:1)
  29 kobolds
  3 rats
861 creatures vanquished.

Vanquished Creatures (collateral kills)
  Asterion (Snake:2)
1 creature vanquished.

Vanquished Creatures (others)
  A shambling mangrove (Swamp:4)
  A hydra (Swamp:4)
  2 bloated husks (Swamp:4)
  2 hornets (Swamp:4)
  A swamp worm (Swamp:4)
  6 foxfires (Swamp:3)
  8 fungi
  32 plants
  7 toadstools (Lair:4)
  4 withered plants (D:12)
64 creatures vanquished.

Grand Total: 926 creatures vanquished

Notes
Turn   | Place    | Note
-------+----------+-------------------------------------------
     0 | D:1      | nickcage the Merfolk Gladiator began the quest for the Orb.
     0 | D:1      | Reached XP level 1. HP: 16/16 MP: 1/1
   158 | D:1      | Reached XP level 2. HP: 22/22 MP: 2/2
   464 | D:1      | Reached skill level 5 in Polearms
   841 | D:2      | Reached XP level 3. HP: 27/27 MP: 3/3
   866 | D:2      | Noticed a golden eye
   867 | D:2      | Found a faded altar of an unknown god.
   871 | D:2      | Noticed a great orb of eyes
   871 | D:2      | Noticed a great orb of eyes
   871 | D:2      | Noticed a great orb of eyes
  1072 | D:2      | Reached skill level 6 in Polearms
  1511 | D:2      | Reached XP level 4. HP: 31/33 MP: 4/4
  1818 | D:3      | Found Cunahier's General Store.
  1828 | D:3      | Bought a scroll of identify for 20 gold pieces
  1845 | D:3      | Found a runed translucent door.
  1846 | D:3      | Noticed SkeletonJelly's ghost (amateur TeFi)
  1926 | D:3      | Found a shimmering blue altar of Sif Muna.
  2013 | D:3      | Reached skill level 7 in Polearms
  2313 | D:3      | Reached XP level 5. HP: 38/38 MP: 5/5
  2591 | D:4      | Reached skill level 8 in Polearms
  2633 | D:4      | Reached skill level 9 in Polearms
  2633 | D:4      | Reached XP level 6. HP: 43/44 MP: 6/6
  3166 | D:5      | Entered Level 5 of the Dungeon
  3281 | D:5      | Reached skill level 10 in Polearms
  3281 | D:5      | Reached XP level 7. HP: 50/50 MP: 7/7
  3445 | D:5      | Reached skill level 11 in Polearms
  3481 | D:5      | Noticed Edmund
  3488 | D:5      | Killed Edmund
  3739 | D:5      | Reached skill level 12 in Polearms
  3739 | D:5      | Reached XP level 8. HP: 56/56 MP: 8/8
  4017 | D:5      | Reached skill level 13 in Polearms
  4333 | D:6      | Found a staircase to the Ecumenical Temple.
  4336 | D:6      | Noticed Pikel
  4409 | D:6      | Noticed Prince Ribbit
  4417 | D:5      | Reached skill level 14 in Polearms
  4534 | Temple   | Entered the Ecumenical Temple
  4534 | Temple   | Found a transporter.
  4534 | Temple   | Found a transporter.
  4536 | Temple   | Found a transporter.
  4536 | Temple   | Found a transporter.
  4577 | Temple   | Became a worshipper of Qazlal Stormbringer
  4821 | D:6      | Reached XP level 9. HP: 47/61 MP: 9/9
  4992 | D:6      | Killed Pikel
  4993 | D:6      | Reached skill level 15 in Polearms
  5203 | D:6      | Killed Prince Ribbit
  5204 | D:6      | Reached skill level 16 in Polearms
  5363 | D:6      | Reached skill level 1 in Evocations
  5553 | D:7      | Noticed Joseph
  5565 | D:7      | Killed Joseph
  5602 | D:7      | Identified a scroll of acquirement
  5602 | D:7      | Acquired the +0 helmet "Wuutrios" {rPois}
  5673 | D:7      | Found Qatiusi's Tremendous Tomes.
  5711 | D:7      | Identified the ring "Oreythoaf" {Fire rCorr}
  5791 | D:7      | Reached skill level 17 in Polearms
  5808 | D:7      | Reached * piety under Qazlal
  5890 | D:7      | Reached XP level 10. HP: 39/67 MP: 10/10
  5911 | D:7      | Reached skill level 18 in Polearms
  6190 | D:7      | Reached ** piety under Qazlal
  6223 | D:7      | Noticed a centaur warrior
  6223 | D:7      | Noticed Tollund's ghost (novice GnWr)
  6256 | D:7      | Found a transporter.
  6262 | D:7      | Found a transporter.
  6526 | D:7      | Noticed a gargoyle
  6538 | D:7      | Killed a gargoyle
  6543 | D:7      | Reached skill level 19 in Polearms
  6568 | D:7      | Noticed a centaur warrior
  6568 | D:7      | Noticed a boulder beetle
  6581 | D:7      | Killed a boulder beetle
  6596 | D:7      | Killed a centaur warrior
  6602 | D:7      | Reached skill level 20 in Polearms
  7047 | D:8      | Noticed an unseen horror
  7049 | D:8      | Killed an unseen horror
  7050 | D:8      | Reached skill level 1 in Armour
  7050 | D:8      | Reached XP level 11. HP: 39/74 MP: 11/11
  7496 | D:8      | Reached *** piety under Qazlal
  7589 | D:9      | Noticed a two-headed ogre
  7596 | D:9      | Killed a two-headed ogre
  7597 | D:9      | Reached skill level 5 in Dodging
  7614 | D:9      | Noticed a two-headed ogre
  7641 | D:9      | Killed a two-headed ogre
  7721 | D:9      | Got Ywuatif's First Steps in Spellcasting
  7897 | D:9      | Found a hazy altar of Hepliaklqana.
  8037 | D:9      | Reached skill level 5 in Fighting
  8090 | D:9      | Found a broken altar of Ashenzari.
  8247 | D:10     | Entered Level 10 of the Dungeon
  8385 | D:10     | Found a staircase to the Lair.
  8460 | D:10     | Noticed a two-headed ogre
  8466 | D:10     | Killed a two-headed ogre
  8562 | D:10     | Reached **** piety under Qazlal
  8650 | D:10     | Found Exkoadorir's Antique Weapon Shop.
  8653 | D:10     | Bought a shimmering halberd for 171 gold pieces
  8653 | D:10     | Identified the +2 halberd of the Wheel {protect, Stlth+}
                  | (You bought it in a shop on level 10 of the Dungeon)
  8851 | D:10     | Noticed a deep elf pyromancer
  8865 | D:10     | Killed a deep elf pyromancer
  8866 | D:10     | Reached skill level 5 in Armour
  8866 | D:10     | Reached XP level 12. HP: 86/89 MP: 12/12
  8877 | D:10     | Noticed Sonja
  8907 | D:10     | Killed Sonja
  9143 | Lair:1   | Entered Level 1 of the Lair of Beasts
  9313 | Lair:1   | Noticed Amaemon
  9324 | Lair:1   | Killed Amaemon
  9408 | Lair:1   | Found a transporter.
  9983 | Lair:1   | Found a transporter.
 10381 | Lair:2   | Noticed a four-headed hydra
 10387 | Lair:2   | Noticed an eight-headed hydra
 10390 | Lair:2   | Killed a four-headed hydra
 10414 | Lair:2   | Killed an eight-headed hydra
 10630 | Lair:2   | Found a staircase to the Swamp.
 10991 | Lair:3   | Found a staircase to the Snake Pit.
 11094 | Lair:3   | Reached XP level 13. HP: 101/101 MP: 13/13
 11267 | Lair:3   | Reached ***** piety under Qazlal
 11830 | Lair:4   | Found a staircase to the Slime Pits.
 11856 | Lair:4   | Noticed Snorg
 11871 | Lair:4   | Reached skill level 1 in Invocations
 11892 | Lair:4   | Killed Snorg
 11945 | Lair:4   | Found a gate leading to a gauntlet.
 12005 | Gauntlet | Entered a Gauntlet
 12005 | Gauntlet | Found a transporter.
 12005 | Gauntlet | Found a transporter.
 12005 | Gauntlet | Found a transporter.
 12006 | Gauntlet | Found a transporter.
 12010 | Gauntlet | Found a transporter.
 12011 | Gauntlet | Found a transporter.
 12017 | Gauntlet | Found a transporter.
 12019 | Gauntlet | Found a transporter.
 12019 | Gauntlet | Found a transporter.
 12021 | Gauntlet | Found a transporter.
 12026 | Gauntlet | Noticed a balrug
 12029 | Gauntlet | Found a transporter.
 12030 | Gauntlet | Found a transporter.
 12065 | Gauntlet | Found a runed translucent door.
 12226 | Gauntlet | Reached skill level 10 in Fighting
 12350 | Gauntlet | Noticed a minotaur
 12358 | Gauntlet | Killed a minotaur
 12601 | Lair:4   | Found a runed translucent door.
 13320 | Lair:5   | Entered Level 5 of the Lair of Beasts
 13324 | Lair:5   | Reached skill level 10 in Dodging
 13388 | Lair:5   | Reached XP level 14. HP: 100/113 MP: 16/16
 13638 | Lair:5   | Identified the +6 scale mail of the Eight Boll Weevils
                  | {rC+}
 13703 | Lair:5   | Reached skill level 10 in Armour
 13929 | Lair:5   | Reached skill level 5 in Invocations
 14283 | Swamp:1  | Entered Level 1 of the Swamp
 14306 | Swamp:1  | Reached ****** piety under Qazlal
 14386 | Swamp:1  | Noticed an eleionoma
 14677 | Swamp:2  | Found a transporter.
 14695 | Swamp:2  | Found a transporter.
 14699 | Swamp:2  | Noticed nickcage's ghost (adept MfGl)
 14905 | Swamp:1  | Killed an eleionoma
 14946 | Swamp:1  | Noticed an eleionoma
 14956 | Swamp:1  | Killed an eleionoma
 15026 | Swamp:1  | Reached XP level 15. HP: 104/124 MP: 19/19
 15613 | Swamp:2  | Reached XP level 16. HP: 132/132 MP: 19/21
 15738 | Swamp:3  | Reached skill level 21 in Polearms
 16433 | Swamp:4  | Entered Level 4 of the Swamp
 16588 | Swamp:4  | Noticed a tentacled monstrosity
 16600 | Swamp:4  | Killed a tentacled monstrosity
 17047 | Swamp:4  | Reached skill level 15 in Fighting
 17188 | Swamp:4  | Noticed the 27-headed Lernaean hydra
 17293 | Swamp:4  | Killed the 26-headed Lernaean hydra
 17586 | Swamp:4  | Reached skill level 22 in Polearms
 17897 | Swamp:4  | Got a decaying rune of Zot
 18214 | D:11     | Noticed Maurice
 18220 | D:11     | Killed Maurice
 18365 | D:11     | Reached XP level 17. HP: 143/143 MP: 23/23
 18394 | D:11     | Noticed Fannar
 18426 | D:11     | Killed Fannar
 18571 | D:11     | Noticed Erica
 18583 | D:11     | Killed Erica
 18621 | D:11     | Found a staircase to the Orcish Mines.
 19287 | D:12     | Got the Guidebook on Twisted Apparitions
 19643 | D:13     | Noticed Kirke
 19658 | D:13     | Killed Kirke
 20295 | D:14     | Found a gate to the Vaults.
 20691 | D:14     | Found the amulet of Vitality {RegenMP++ Regen++}
 21100 | Vaults:1 | Entered Level 1 of the Vaults
 21291 | D:15     | Entered Level 15 of the Dungeon
 21316 | D:15     | Reached skill level 23 in Polearms
 21333 | D:15     | Reached skill level 10 in Invocations
 21344 | D:15     | Noticed Nessos
 21407 | D:15     | Killed Nessos
 21574 | D:15     | Noticed Jorgrun
 21624 | D:15     | Killed Jorgrun
 21865 | D:15     | Found a staircase to the Depths.
 22474 | Snake:1  | Entered Level 1 of the Snake Pit
 22488 | Snake:1  | Reached XP level 18. HP: 128/155 MP: 15/25
 22502 | Snake:1  | Reached skill level 15 in Dodging
 23017 | Snake:1  | Found a runed translucent door.
 23034 | Snake:1  | Noticed jlumianski's ghost (journeyman DsGl)
 23832 | Snake:1  | Killed jlumianski's ghost
 23837 | Snake:1  | Identified the ring "Roempyd" {rF+ rCorr Str+4 Int+3}
 24469 | Snake:2  | Reached skill level 24 in Polearms
 24807 | Snake:2  | Noticed Asterion
 24817 | Snake:2  | Killed Asterion
 24903 | Snake:2  | Noticed Vashnia
 24933 | Snake:2  | Killed Vashnia
 26306 | Snake:4  | Entered Level 4 of the Snake Pit
 26306 | Snake:4  | Found a bloodstained altar of Trog.
 26350 | Snake:4  | Reached XP level 19. HP: 159/165 MP: 27/27
 26371 | Snake:4  | Found Pise's Armour Shoppe.
 26644 | Snake:4  | Mangled by a naga warrior

Illustrated notes

Levels and vault maps discovered:
D:1:      minmay_arrival_shattered_statue, layout_loops_ring
D:2:      cheibrodos_old_hovel, layout_loops_corners,
          hellmonk_ecumenical_altar_watching_god
D:3:      layout_basic, mainiacjoe_overflow_paths, gammafunk_ghost_grave,
          serial_shops, nicolae_shop_hallway_stairs
D:4:      layout_basic
D:5:      layout_loops_corners, palyth_stone_intersect, uniq_edmund
D:6:      layout_layer_cave, minmay_temple_entry_mini_moons, uniq_pikel,
          uniq_prince_ribbit1
D:7:      nzn_winding_woodlands_medium [nzn_winding_woodlands_5x5_closed_star,
          nzn_winding_woodlands_5x15_pool, nzn_winding_woodlands_5x5_cross,
          nzn_winding_woodlands_5x5_three, nzn_winding_woodlands_center_lodge,
          nzn_winding_woodlands_5x5_perimeter,
          nzn_winding_woodlands_5x5_checkerboard,
          nzn_winding_woodlands_5x15_pathside_ponds,
          nzn_winding_woodlands_hourglass], layout_basic, gammafunk_ghost_arena,
          st_stairs_10, minivault_23, kennysheep_diamond,
          nicolae_shop_i_like_big_books, uniq_joseph
D:8:      layout_basic
D:9:      nicolae_cairo_tiling_large_dashed, layout_loops_cross,
          lemuel_doored_altar, cheibrodos_ashenzari_chains, serial_glass,
          glass_columns_a, glass_columns_b
D:10:     layout_roguey, lair_entry_dummy, serial_shops,
          nicolae_shop_behind_doors, hangedman_decor_lopped, uniq_sonja
D:11:     layout_basic, erik_orc_1, minmay_alternating_orb, uniq_fannar,
          uniq_maurice, uniq_erica
D:12:     layout_roguey, serial_undead, serial_undead_e, serial_undead_c,
          serial_undead_a, serial_undead_e
D:13:     nicolae_cairo_tiling_very_big, layout_small_grid, uniq_kirke
D:14:     layout_stronghold, grunt_vaults_entry_tiered,
          chequers_serial_rivers_micro_a,
          hellmonk_guarded_unrand_vitality_bloodlust
D:15:     gammafunk_enter_depths_forms, layout_loops_ring,
          nicolae_lava_and_water, uniq_nessos, uniq_jorgrun
Temple:   hellmonk_temple_divided_pantheon
Lair:1:   gammafunk_cloud_chamber, layout_cave_pods, grunt_megastairs_2,
          uniq_amaemon
Lair:2:   layout_cellular_growth, skrybe_swamp_entry_bodies, minmay_holes,
          st_stairs_9, grunt_megastairs_5, lemuel_fruit_tree
Lair:3:   layout_cellular_growth, guppyfry_snake_entry_island
Lair:4:   gammafunk_lair_enchanted_lake, layout_gridlike,
          minmay_slime_entry_jelly_boxes, gauntlet_entry_generic,
          serial_bayou_shore_b, uniq_snorg
Lair:5:   evilmike_catoblepas_cave, layout_loops_ring, lemuel_fruit_fields,
          infiniplex_staircase_pool
Swamp:1:  layout_basic_swamp, serial_swamp_ruin, evilmike_swamp_ruin_house_1,
          evilmike_swamp_ruin_house_5
Swamp:2:  layout_falls_marsh, gammafunk_ghost_berserking_beasts,
          nicolae_swamp_fairy_circle, infiniplex_staircase_pool_2
Swamp:3:  layout_basic_swamp, nicolae_swamp_dense_foliage
Swamp:4:  swamp_old_school, layout_basic_swamp, swamp_pool1, kb_tengu_band
Snake:1:  layout_grid_maze, gammafunk_ghost_grave, grunt_ministairs_15,
          serial_bayou_shore_a
Snake:2:  layout_gridlike, nicolae_snake_gridmaze_swirls, uniq_vashnia,
          uniq_asterion
Snake:3:  nicolae_snake_nest, layout_rooms
Snake:4:  snake_pit, layout_misc_corridors, serial_shops, shop, basic_altar
Vaults:1: nicolae_vaults_lopsided_apartments, v_misc_33,
          ontoclasm_vaults_hangar, vaults_mumra_hex,
          vaults_room_grunt_arrival_ludios, nicolae_vaults_theta,
          nicolae_vaults_little_squares_3, vaults_dpeg_diagonal,
          vaults_room_stairs_pillars, vaults_dpeg_emergency_exit,
          nicolae_vaults_little_squares_6, serial_ice_b, layout_vaults_omnigrid,
          uniq_zenata

Skill      XL: |  1  2  3  4  5  6  7  8  9 10 11 12 13 14 15 16 17 18 19 |
---------------+----------------------------------------------------------+-----
Polearms       | 5 6 7 9 10 12 14 17 20 22 23 24 | 24.8
Evocations     | 1 |  1.0
Armour         | 1 5 7 9 10 | 10.6
Fighting       | 6 9 11 13 15 17 18 19 | 19.0
Dodging        | 7 8 10 11 12 13 14 16 | 16.3
Invocations    | 3 6 8 10 11 | 11.8
Throwing       | |  2.0
Shields        | |  0.4

Action                   |  1- 3 |  4- 6 |  7- 9 | 10-12 | 13-15 | 16-18 | 19-21 || total
-------------------------+-------+-------+-------+-------+-------+-------+-------++-------
Melee: Trident           |    90 |    37 |       |       |       |       |       ||   127
       Punch             |     1 |       |       |       |       |     3 |       ||     4
       Glaive            |       |   128 |   268 |   502 |   531 |  1320 |    55 ||  2804
       Halberd           |       |       |       |    58 |       |       |       ||    58
       Spear             |       |       |       |    18 |    20 |   118 |       ||   156
Throw: Javelin           |       |       |     4 |       |       |     1 |       ||     5
       Dart              |       |       |     1 |    16 |     3 |     7 |       ||    27
Invok: Elemental Force   |       |       |       |       |       |     3 |       ||     3
       Upheaval          |       |       |       |       |       |     1 |       ||     1
Evoke: Wand              |       |       |     4 |       |       |     1 |       ||     5
  Use: Scroll            |       |     9 |     5 |     2 |    18 |     3 |       ||    37
       Potion            |       |       |       |     2 |     2 |       |       ||     4
 Stab: Petrified         |       |       |       |       |     2 |     1 |       ||     3
       Distracted        |       |       |       |       |       |     1 |       ||     1
       Confused          |       |       |       |       |       |     1 |       ||     1
       Petrifying        |       |       |       |       |       |     1 |       ||     1
Armor: Leather armour    |     5 |       |       |       |       |       |       ||     5
       Ring mail         |    15 |     1 |       |       |       |       |       ||    16
       Chain mail        |       |    55 |       |       |       |       |       ||    55
       Plate armour      |       |    45 |   146 |   181 |   136 |   441 |    12 ||   961
       Skin              |       |       |       |    22 |       |       |       ||    22
Dodge: Dodged            |    40 |    53 |    85 |   127 |   124 |   525 |    19 ||   973
       Repelled          |       |       |       |     1 |    11 |    42 |     3 ||    57
Block: Other             |       |       |     1 |    66 |    79 |   294 |    10 ||   450

Table legend: (Time is in decaauts)
 A = Elapsed time spent in this place.
 B = Non-inter-level travel time spent in this place.
 C = Inter-level travel time spent in this place.
 D = Time resting spent in this place.
 E = Time spent auto-exploring this place.
 F = Levels seen in this place.
 G = Mean time per level.
                   A        B        C        D        E       F      G
               +--------+--------+--------+--------+--------+-----+--------+
         Total |  25466 |  24490 |    976 |   2507 |  16824 |  31 |  821.5 |
       Dungeon |  13070 |  12530 |    540 |    601 |   9359 |  15 |  871.3 |
        Temple |     63 |     63 |      0 |      0 |      0 |   1 |   63.0 |
          Lair |   4604 |   4320 |    284 |    106 |   3476 |   5 |  920.8 |
         Swamp |   3325 |   3231 |     94 |    600 |   1836 |   4 |  831.2 |
     Snake Pit |   4011 |   3954 |     57 |   1130 |   2026 |   4 | 1002.8 |
        Vaults |      1 |      1 |      0 |      0 |      0 |   1 |    1.0 |
      Gauntlet |    389 |    389 |      0 |     69 |    125 |   1 |  389.0 |
               +--------+--------+--------+--------+--------+-----+--------+

Top non-repeatable levels by time:
 Snake:1: 1774 daAuts
 Swamp:4: 1295 daAuts
     D:7: 1260 daAuts
     D:6: 1187 daAuts
     D:2: 1155 daAuts
     D:5: 1142 daAuts
    D:14: 1112 daAuts
 Snake:2: 1081 daAuts
  Lair:4: 1035 daAuts
  Lair:2: 954 daAuts
    D:15: 951 daAuts
  Lair:1: 909 daAuts
    D:10: 896 daAuts
  Lair:3: 878 daAuts
 Snake:3: 834 daAuts
